Map: Beckett Industries LE

Players

Reynor - Winner!

  • Race: Zerg Zerg
  • League: Master

MaxPax

  • Race: Protoss Protoss
  • League: Grandmaster

Event: TSL 7

VOD

Have the link to the VOD?

Description

Time

  • Played on: June 12, 2021, 2:13 p.m.
  • Length: 14:57

All games in this series

Show
View Real Time Build Order
Export as new Build Order

Reynor Zerg - Winner!

Build Orders: Hatch First 

Get SALT Encoding   

  12  0:00  Drone  
  13  0:11  Overlord  
  13  0:16  Drone  
  14  0:30  Drone x2  
  16  0:48  Hatchery  
  15  0:52  Drone  
  15  0:55  Drone  
  17  0:59  Drone  
  18  1:10  Extractor  
  17  1:15  Spawning Pool  
  17  1:18  Drone  
  17  1:21  Drone  
  18  1:27  Drone  
  19  1:38  Drone  
  20  1:48  Overlord  
  20  2:00  Drone x2  
  22  2:02  Queen x2  
  26  2:10  Zergling x2  
  26  2:11  Zergling x2  
  26  2:14  Metabolic Boost  
  28  2:21  Drone x2  
  30  2:38  Hatchery, Drone  
  30  2:44  Queen  
  30  2:49  Overlord  
  32  2:52  Zergling x2  
  32  2:53  Zergling x2  
  32  2:56  Drone  
  32  2:58  Drone  
  36  3:07  Drone  
  36  3:08  Drone  
  36  3:09  Drone x2  
  36  3:12  Overlord  
  40  3:15  Drone  
  40  3:16  Drone  
  42  3:26  Queen, Overlord  
  42  3:30  Drone  
  45  3:37  Overlord  
  45  3:45  Drone x3  
  45  3:46  Queen  
  45  3:48  Drone, Overlord  
  50  3:50  Drone  
  50  3:51  Drone  
  53  3:55  Queen  
  53  4:02  Drone x2  
  57  4:03  Spore Crawler  
  57  4:05  Drone  
  57  4:11  Drone x5  
  57  4:16  Spore Crawler  
  61  4:20  Roach Warren  
  61  4:22  Drone x3  
  63  4:25  Overlord  
  63  4:28  Drone x2  
  63  4:31  Zergling x4  
  67  4:33  Drone  
  67  4:37  Lair  
  68  4:39  Drone  
  68  4:40  Drone  
  68  4:41  Drone  
  68  4:44  Drone x3  
  74  4:47  Extractor  
  74  4:48  Spore Crawler  
  74  4:50  Overlord  
  72  4:53  Drone x2  
  72  4:56  Drone x3  
  77  5:00  Extractor x2, Overlord  
  77  5:02  Evolution Chamber  
  73  5:09  Drone x2, Overlord  
  73  5:11  Drone x2  
  73  5:12  Drone  
  73  5:13  Drone, Overlord  
  78  5:15  Queen  
  78  5:20  Queen  
  80  5:26  Overlord  
  85  5:28  Roach x4  
  85  5:31  Roach x2  
  90  5:36  Overseer  
  90  5:38  Roach x2  
  94  5:43  Drone x4  
  94  5:44  Drone  
  94  5:45  Overlord  
  94  5:46  Drone  
  94  5:48  Drone x2  
  100  5:51  Drone, Extractor  
  100  5:53  Extractor, Overlord  
  97  5:57  Drone  
  97  5:59  Queen  
  97  6:01  Overlord  
  100  6:10  Drone x2  
  100  6:11  Overlord  
  100  6:13  Drone x4  
  100  6:17  Overlord  
  103  6:19  Drone x2  
  103  6:25  Hydralisk Den  
  104  6:26  Glial Reconstitution  
  104  6:29  Queen  
  106  6:36  Overseer  
  106  6:39  Overlord  
  106  6:46  Hatchery, Zergling x2  
  106  6:54  Hydralisk x7  
  106  6:55  Hydralisk  
  106  7:00  Hydralisk x4  
  131  7:04  Muscular Augments  
  130  7:09  Hydralisk x4  
  130  7:11  Hydralisk  
  140  7:22  Overlord  
  139  7:26  Hydralisk x3  
  139  7:29  Hatchery  
  144  7:30  Overlord  
  144  7:33  Hydralisk x3  
  150  7:38  Overlord x2  
  150  7:42  Roach x2  
  150  7:43  Zergling x2, Roach  
  157  7:45  Roach  
  157  7:47  Hydralisk x2  
  157  7:48  Zergling x2  
  157  7:49  Overlord  
  164  7:53  Hydralisk  
  164  7:55  Overlord  
  164  7:58  Hydralisk x2, Overlord  
  166  8:02  Ravager  
  166  8:03  Ravager x3  
  166  8:04  Zergling x2, Roach  
  166  8:05  Zergling x2  
  178  8:10  Roach x3  
  184  8:13  Ravager  
  184  8:14  Overlord  
  184  8:18  Zergling x2, Ravager, Roach  
  184  8:19  Zergling x4  
  189  8:30  Grooved Spines  
  189  8:31  Zergling x8, Roach  
  194  8:34  Hydralisk x2  
  192  8:44  Zergling x4, Roach  
  192  8:45  Zergling x2  
  192  8:46  Zergling x2  
  181  8:50  Hydralisk x2  
  181  8:54  Hydralisk x3  
  183  8:57  Hydralisk  
  183  9:02  Hydralisk, Zergling x4  
  180  9:03  Zergling x4  
  180  9:08  Hydralisk  
  180  9:09  Hydralisk  
  181  9:12  Queen x2  
  181  9:19  Hydralisk x3  
  181  9:20  Zergling x2  
  186  9:26  Hydralisk  
  186  9:27  Hydralisk, Zergling x2  
  173  9:33  Hydralisk x2  
  173  9:38  Hydralisk x2  
  176  9:43  Hydralisk x2  
  176  9:44  Zergling x4  
  176  9:45  Zergling x2  
  185  9:50  Hydralisk x2  
  180  9:54  Hydralisk  
  180  9:57  Hydralisk  
  180  9:58  Zergling x4  
  180  9:59  Zergling x2  
  170  10:03  Hydralisk  
  170  10:06  Hydralisk x2  
  156  10:12  Hydralisk  
  133  10:22  Hydralisk x3  
  133  10:23  Zergling x2  
  133  10:26  Hydralisk  
  133  10:27  Hydralisk, Zergling x2  
  123  10:36  Hydralisk x2  
  123  10:39  Hydralisk, Zergling x2  
  123  10:40  Zergling x4  
  117  10:47  Hydralisk x2  
  121  10:52  Hydralisk x2  
  125  10:57  Hydralisk x2  
  125  11:01  Hatchery, Hydralisk  
  125  11:02  Zergling x2  
  130  11:08  Hydralisk x2  
  128  11:12  Hydralisk x2  
  118  11:25  Hydralisk x3  
  118  11:26  Hydralisk  
  118  11:27  Evolution Chamber  
  125  11:35  Hydralisk x2  
  125  11:36  Hydralisk  
  131  11:42  Hatchery  
  131  11:43  Hydralisk x3  
  131  11:46  Queen  
  136  11:54  Hydralisk x2  
  138  11:56  Drone  
  138  11:57  Drone  
  144  12:02  Zerg Missile Weapons Level 1  
  144  12:05  Queen  
  144  12:07  Drone  
  146  12:23  Hydralisk x5  
  156  12:31  Hydralisk x2  
  156  12:33  Hydralisk  
  162  12:44  Hydralisk x3  
  162  12:45  Zergling x2  
  167  12:52  Hydralisk x2  
  167  12:57  Hydralisk x2  
  175  13:04  Hydralisk x2  
  175  13:05  Zergling x2  
  180  13:13  Hydralisk x4  
  188  13:20  Hydralisk x2  
  192  13:38  Hydralisk x5  
  198  13:42  Hydralisk x2  
  193  13:49  Hydralisk x3  
  193  13:54  Hydralisk x2  
  198  14:11  Infestation Pit  
  198  14:13  Extractor  
  198  14:15  Extractor, Hydralisk  
  198  14:16  Zergling x4  
  188  14:32  Hatchery  
Show
View Real Time Build Order
Export as new Build Order

MaxPax Protoss 

Build Orders: 1 Gate Expand, Carriers 

Get SALT Encoding   

  12  0:00  Probe  
  13  0:12  Probe  
  14  0:19  Pylon  
  14  0:24  Probe  
  15  0:37  Probe (Chrono Boost)  
  15  0:39  Gateway  
  16  0:46  Probe (Chrono Boost)  
  16  0:47  Assimilator  
  17  0:52  Probe  
  18  1:04  Probe  
  19  1:16  Probe  
  20  1:25  Nexus  
  20  1:35  Cybernetics Core  
  20  1:38  Probe  
  21  1:46  Assimilator  
  21  1:51  Probe  
  21  1:54  Pylon  
  22  2:03  Probe  
  23  2:12  Stargate  
  23  2:15  Probe (Chrono Boost)  
  24  2:17  Adept  
  26  2:26  Probe (Chrono Boost), Warp Gate  
  27  2:32  Probe (Chrono Boost)  
  28  2:38  Probe (Chrono Boost)  
  28  2:43  Probe (Chrono Boost)  
  30  2:47  Adept  
  30  2:48  Probe (Chrono Boost)  
  30  2:50  Probe (Chrono Boost)  
  34  2:52  Void Ray (Chrono Boost)  
  34  2:54  Probe (Chrono Boost)  
  35  3:03  Probe  
  40  3:05  Probe  
  40  3:09  Pylon  
  41  3:15  Probe  
  41  3:17  Probe  
  41  3:19  Gateway  
  43  3:26  Assimilator  
  43  3:27  Probe  
  43  3:28  Assimilator  
  43  3:31  Probe  
  45  3:40  Probe  
  46  3:43  Fleet Beacon  
  46  3:44  Probe  
  47  3:52  Probe  
  48  3:56  Probe  
  48  3:58  Pylon  
  48  4:01  Stargate  
  49  4:04  Probe  
  49  4:08  Probe  
  51  4:16  Probe  
  52  4:21  Pylon  
  52  4:23  Nexus  
  57  4:32  Probe  
  57  4:34  Probe, Tempest (Chrono Boost)  
  59  4:39  Adept  
  61  4:47  Probe  
  61  4:49  Probe  
  61  4:50  Tempest (Chrono Boost)  
  68  4:53  Shield Battery  
  68  4:56  Pylon  
  68  4:59  Probe  
  69  5:01  Probe  
  69  5:05  Forge  
  70  5:11  Probe  
  69  5:14  Shield Battery  
  69  5:16  Void Ray (Chrono Boost), Adept x2  
  75  5:27  Void Ray (Chrono Boost)  
  75  5:30  Pylon  
  75  5:35  Probe x2  
  81  5:39  Flux Vanes  
  81  5:47  Probe x2  
  83  5:50  Assimilator  
  83  5:51  Assimilator  
  83  5:55  Void Ray (Chrono Boost)  
  87  5:59  Probe x2  
  87  6:00  Void Ray (Chrono Boost)  
  89  6:09  Pylon  
  93  6:11  Probe x2  
  95  6:23  Probe x2  
  97  6:26  Pylon  
  97  6:27  Void Ray (Chrono Boost)  
  97  6:29  Robotics Facility  
  101  6:35  Probe x2  
  101  6:36  Void Ray (Chrono Boost)  
  103  6:42  Protoss Air Weapons Level 1 (Chrono Boost)  
  107  6:48  Probe x2  
  107  6:51  Pylon  
  107  6:53  Photon Cannon  
  109  6:54  Photon Cannon  
  109  6:59  Pylon  
  109  7:00  Probe x2  
  111  7:10  Void Ray x2 (Chrono Boost)  
  111  7:12  Probe x2  
  121  7:24  Probe x2, Robotics Bay  
  121  7:27  Stargate  
  123  7:36  Probe x2  
  122  7:47  Photon Cannon  
  122  7:49  Photon Cannon  
  126  7:53  Shield Battery  
  126  7:57  Pylon x2  
  133  7:59  Carrier (Chrono Boost)  
  133  8:03  Carrier (Chrono Boost), Pylon  
  133  8:08  Photon Cannon  
  133  8:12  Carrier (Chrono Boost)  
  133  8:13  Shield Battery  
  133  8:14  Disruptor (Chrono Boost), Shield Battery  
  142  8:32  Zealot x2  
  144  8:35  Photon Cannon  
  126  9:07  Tempest (Chrono Boost)  
  126  9:09  Tempest (Chrono Boost)  
  124  9:10  Tempest (Chrono Boost)  
  125  9:29  Photon Cannon  
  120  9:35  Photon Cannon  
  120  9:48  Pylon  
  120  9:49  Pylon  
  113  10:10  Pylon  
  113  10:11  Pylon  
  109  10:14  Pylon  
  109  10:16  Tempest (Chrono Boost)  
  109  10:20  Probe x2  
  108  10:21  Tempest (Chrono Boost)  
  108  10:27  Tempest (Chrono Boost)  
  101  10:32  Probe x2  
  92  10:43  Photon Cannon  
  92  10:44  Probe x2  
  92  10:46  Photon Cannon  
  94  10:50  Assimilator  
  94  10:55  Carrier (Chrono Boost)  
  94  10:56  Probe x2  
  102  10:58  Carrier (Chrono Boost)  
  102  11:01  Photon Cannon  
  108  11:08  Probe x2  
  110  11:14  Carrier (Chrono Boost)  
  108  11:23  Probe  
  108  11:28  Photon Cannon  
  108  11:39  Probe x2  
  106  11:51  Probe  
  107  12:00  Gateway  
  107  12:01  Photon Cannon  
  103  12:15  Pylon  
  98  12:32  Carrier (Chrono Boost)  
  103  12:55  Nexus  
  103  13:02  Void Ray (Chrono Boost)  
  103  13:07  Void Ray (Chrono Boost)  
  103  13:49  Tempest (Chrono Boost)  
  103  13:53  Tempest (Chrono Boost)  
  99  13:58  Tempest (Chrono Boost)  
  104  14:14  Probe x2  
  104  14:16  Cybernetics Core  
  106  14:17  Probe  
  107  14:26  Probe x2  
  107  14:29  Probe  
  104  14:38  Probe  
Tags
 
Add a new tag
Caveats
  • Supply blocks, unpowered buildings, or Contaminate may cause inaccurate times.
  • Supply counts are checked every 10 seconds.